Map: Ghost River LE

Players

starkiller

  • Race: Protoss Protoss
  • League: Grandmaster
  • Spawn Location: 1:00

Practice - Winner!

  • Race: Terran Terran
  • League: Grandmaster
  • Spawn Location: 11:00

VOD

Have the link to the VOD?

Description

Time

  • Played on: Aug. 22, 2024, 2:19 a.m.
  • Length: 9:14
Show
View Real Time Build Order
Export as new Build Order

starkiller Protoss 

Build Orders: 1 Gate Expand, Blink Stalkers 

Get SALT Encoding   

  12  0:00  Probe  
  13  0:12  Probe  
  14  0:17  Pylon  
  14  0:24  Probe  
  15  0:36  Probe  
  15  0:37  Gateway  
  16  0:48  Probe  
  17  0:57  Assimilator  
  17  1:01  Probe  
  18  1:13  Probe  
  19  1:24  Cybernetics Core  
  19  1:26  Probe  
  20  1:35  Nexus  
  20  1:40  Probe  
  21  1:48  Pylon  
  21  1:51  Assimilator  
  21  1:54  Probe  
  21  2:01  Warp Gate (Chrono Boost)  
  22  2:04  Stalker (Chrono Boost)  
  22  2:06  Probe  
  25  2:19  Probe  
  26  2:23  Pylon  
  26  2:31  Probe  
  26  2:32  Twilight Council  
  27  2:38  Stalker  
  27  2:43  Probe  
  30  2:53  Pylon  
  30  2:54  Probe  
  30  2:55  Probe  
  32  3:03  Gateway  
  32  3:09  Blink (Chrono Boost)  
  33  3:21  Stalker (Chrono Boost)  
  33  3:30  Gateway  
  28  3:56  Probe x2  
  30  4:04  Stalker  
  30  4:05  Stalker  
  30  4:08  Probe (Chrono Boost)  
  36  4:10  Probe (Chrono Boost)  
  36  4:19  Probe (Chrono Boost)  
  36  4:20  Probe (Chrono Boost)  
  36  4:24  Probe (Chrono Boost)  
  38  4:25  Probe (Chrono Boost)  
  38  4:38  Stalker x3  
  38  4:43  Probe x2  
  46  4:55  Probe  
  46  4:57  Probe  
  48  5:07  Nexus  
  48  5:08  Pylon  
  48  5:10  Probe x2  
  50  5:22  Stalker, Probe x2  
  50  5:23  Stalker  
  56  5:34  Charge (Chrono Boost), Probe  
  56  5:35  Probe  
  58  5:43  Forge  
  58  5:46  Probe  
  58  5:47  Probe  
  58  5:48  Stalker  
  61  5:52  Pylon  
  61  5:58  Probe  
  61  5:59  Probe  
  63  6:10  Probe  
  63  6:11  Probe, Zealot x2  
  69  6:22  Stalker  
  69  6:23  Probe x2  
  71  6:32  Stalker  
  71  6:33  Stalker  
  71  6:35  Probe  
  46  7:11  Probe x2  
  30  7:23  Probe (Chrono Boost)  
  30  7:24  Probe (Chrono Boost)  
  30  7:28  Zealot  
  33  7:35  Probe (Chrono Boost)  
  33  7:36  Pylon, Probe (Chrono Boost)  
  35  7:40  Probe (Chrono Boost)  
  35  7:41  Cybernetics Core, Probe (Chrono Boost)  
  35  7:42  Nexus  
  37  7:49  Probe  
  37  7:50  Probe  
  39  7:58  Forge  
  39  8:01  Probe  
  39  8:02  Probe  
  41  8:14  Probe x2  
  41  8:17  Zealot  
  45  8:26  Probe x2  
  47  8:38  Gateway, Probe x2  
  49  8:43  Zealot  
  51  8:50  Probe  
  51  8:52  Gateway  
  52  8:58  Gateway  
  52  9:04  Zealot  
Show
View Real Time Build Order
Export as new Build Order

Practice Terran - Winner!

Build Orders:  

Get SALT Encoding   

  12  0:02  SCV  
  13  0:14  SCV  
  14  0:18  Supply Depot  
  14  0:26  SCV  
  15  0:32  Refinery  
  15  0:39  SCV  
  16  0:46  Barracks  
  16  0:51  SCV  
  17  1:03  Refinery  
  17  1:04  SCV  
  18  1:16  SCV  
  19  1:33  Orbital Command, Reaper  
  20  1:40  Factory  
  20  1:48  Supply Depot  
  20  1:58  SCV  
  21  2:05  Reaper  
  22  2:10  SCV  
  23  2:24  Command Center  
  23  2:29  Hellion  
  25  2:34  SCV  
  26  2:37  Reaper  
  26  2:41  Supply Depot  
  27  2:47  SCV  
  27  2:51  Hellion  
  30  2:55  Starport  
  30  2:59  SCV  
  31  3:11  SCV  
  31  3:12  Factory Tech Lab  
  32  3:15  Barracks Reactor  
  32  3:20  Barracks  
  32  3:23  SCV  
  33  3:34  Siege Tank  
  36  3:50  Starport Tech Lab  
  29  3:56  Marine x2  
  29  3:57  Orbital Command  
  29  3:58  Barracks  
  29  3:59  SCV  
  29  4:00  Bunker  
  32  4:08  Siege Tank  
  35  4:13  Marine, Banshee  
  35  4:15  Marine  
  40  4:19  Marine  
  40  4:23  SCV  
  42  4:31  Marine  
  42  4:33  Marine  
  42  4:37  Marine  
  45  4:40  SCV, Siege Tank  
  45  4:42  Supply Depot  
  49  4:45  Marine  
  49  4:49  Marine  
  49  4:51  Marine  
  52  4:55  Supply Depot  
  53  5:04  Banshee, SCV  
  53  5:05  Marine x2  
  58  5:08  SCV  
  58  5:10  Marine x2  
  61  5:16  SCV  
  61  5:20  SCV  
  63  5:23  Marine x2  
  63  5:28  Marine, Supply Depot, SCV  
  67  5:30  Supply Depot  
  67  5:32  Marine, SCV  
  69  5:37  Refinery  
  69  5:48  Marine  
  70  5:50  Marine, Raven, Siege Tank  
  70  5:55  Marine  
  77  5:58  Engineering Bay  
  77  6:02  SCV  
  75  6:08  Marine x3  
  79  6:11  SCV  
  79  6:13  Marine  
  79  6:14  SCV  
  80  6:29  Marine  
  81  6:33  SCV  
  81  6:34  SCV  
  81  6:36  Marine  
  81  6:37  Factory Reactor  
  81  6:38  Stimpack  
  84  6:41  Engineering Bay  
  84  6:44  Starport Reactor  
  84  6:45  SCV  
  84  6:46  SCV  
  84  6:47  Marine, Combat Shield  
  86  6:55  Supply Depot  
  86  6:57  Marine x2, Refinery, SCV  
  76  7:09  Marine x2  
  76  7:11  Terran Infantry Weapons Level 1  
  67  7:22  Marine, Marauder  
  64  7:25  Medivac, Widow Mine x2  
  66  7:32  SCV  
  66  7:33  Command Center  
  66  7:34  SCV  
  68  7:44  SCV  
  69  7:45  Marauder x2  
  69  7:46  SCV  
  69  7:47  Barracks  
  69  7:49  Barracks  
  74  7:52  Widow Mine  
  74  7:53  Widow Mine  
  74  7:56  SCV  
  74  7:58  Medivac, SCV  
  81  8:02  Medivac  
  81  8:03  Marine  
  85  8:06  Marauder  
  85  8:08  SCV  
  85  8:09  Concussive Shells  
  85  8:10  SCV  
  89  8:14  Marine  
  89  8:15  Supply Depot, Marauder  
  89  8:19  Widow Mine x2  
  95  8:28  Marauder  
  95  8:29  Marine  
  98  8:34  Marine  
  98  8:35  Armory  
  98  8:36  Marauder  
  98  8:38  Barracks Reactor, Barracks Tech Lab  
  101  8:47  Marine  
  102  8:49  Marauder  
  102  8:52  Marine  
  105  8:56  Missile Turret  
Tags
 
Add a new tag
Caveats
  • Supply blocks, unpowered buildings, or Contaminate may cause inaccurate times.
  • Supply counts are checked every 10 seconds.